 Dungeon Crawl Stone Soup version 0.17-a0-555-g23c20b2 (webtiles) character file.

1090 websanka the Skirmisher (level 8, 0/65 HPs)
             Began as a Mummy Necromancer on Apr 14, 2015.
             Slain by Blork the orc
             ... wielding a +6 hand axe of distortion
              (6 damage)
             ... on level 6 of the Dungeon.
             The game lasted 00:34:00 (6455 turns).

websanka the Skirmisher (Mummy Necromancer)         Turns: 6455, Time: 00:34:01

Health: 0/65       AC:  5    Str: 11    XL:     8   Next: 9%
Magic:  11/11      EV: 14    Int: 17    God:
Gold:   300        SH:  0    Dex: 12    Spells: 3 memorised, 6 levels left

rFire  . . .     SeeInvis .     w - +0 long sword (freeze)
rCold  + . .     Clarity  .     E - +2 robe
rNeg   + + +     SustAb   .     (no shield)
rPois  ∞         Gourm    .     q - +0 helmet
rElec  .         Spirit   .     (no cloak)
rCorr  .         Warding  .     (no gloves)
rMut   .         Stasis   .     (no boots)
MR     +....                    (no amulet)
Stlth  ++........               i - ring of wizardry
                                k - ring of protection from fire

@: about to teleport, somewhat resistant to hostile enchantments, unstealthy
A: no food or potions, fire vulnerability, cold resistance 1, negative energy
resistance 3, torment resistance, unbreathing
a: no special abilities


You were on level 6 of the Dungeon.
You were not hungry.

You visited 1 branch of the dungeon, and saw 6 of its levels.

You collected 300 gold pieces.

Inventory:

Hand weapons
 a - a +0 mace
 b - a +0 blowgun
 f - a +0 rapier
 u - a +1 whip
 v - a +0 flail
 w - a +0 long sword of freezing (weapon)
Missiles
 g - 223 stones
 l - 8 tomahawks (quivered)
 o - 19 poisoned needles
 t - 4 tomahawks of returning
Armour
 q - a +0 helmet (worn)
 E - a +2 robe (worn)
Jewellery
 e - a cursed ring of teleportation
 h - a +3 ring of dexterity
 i - a ring of wizardry (right hand)
 k - a ring of protection from fire (left hand)
 s - a +3 ring of evasion {unknown}
Magical devices
 m - a wand of polymorph (6)
 p - a wand of paralysis (16)
Scrolls
 c - a scroll of amnesia
 j - a scroll of fear
 r - a scroll of immolation
 x - a scroll of enchant weapon
 y - a scroll of recharging
 B - 2 scrolls of remove curse {unknown}
 C - a scroll of noise {unknown}
 D - a scroll of fog {unknown}
Books
 n - a book of Necromancy

   Spells                             Type                      Level
   a - Pain                           Necromancy                   1
   b - Animate Skeleton               Necromancy                   1
   c - Vampiric Draining              Necromancy                   3
   d - Regeneration                   Charms/Necromancy            3
   e - Animate Dead                   Necromancy                   4
   f - Control Undead                 Necromancy                   4
 A - a book of Unlife

   Spells                             Type                      Level
   a - Recall                         Summoning/Translocation      3
   b - Animate Dead                   Necromancy                   4
   c - Control Undead                 Necromancy                   4
   d - Cigotuvi's Embrace             Necromancy                   5
   e - Death Channel                  Necromancy                   6
   f - Simulacrum                     Ice/Necromancy               6


   Skills:
 + Level 6.3 Fighting
 + Level 5.9 Dodging
 - Level 1.5 Stealth
 - Level 2.0 Spellcasting
 - Level 4.1 Necromancy


You had 6 spell levels left.
You knew the following spells:

 Your Spells              Type           Power        Failure   Level  Hunger
a - Pain                  Necr           ###.         1%          1    N/A
b - Animate Skeleton      Necr           N/A          1%          1    N/A
c - Vampiric Draining     Necr           ###.......   4%          3    N/A

Dungeon Overview and Level Annotations

Branches:
Dungeon (6/15)
 Temple: D:4-7

Altars:
Dithmenos
Ru
The Shining One

Annotations:
D:6 Blork the orc


Innate Abilities, Weirdness & Mutations

You do not eat or drink.
Your flesh is vulnerable to fire.
You are immune to poison.
Your flesh is cold resistant.
You are immune to negative energy.
You are immune to unholy pain and torment.
You can survive without breathing.


Message History

Your magical contamination has completely faded away.
Blork the orc gestures at you while chanting.
The puff of frost misses you. Blork the orc barely misses you.
You found an alarm trap!
Blork the orc hits you with a hand axe of distortion.
* * * LOW HITPOINT WARNING * * *
Space bends around you.
* * * LOW HITPOINT WARNING * * *
Press: ? - help, v - describe, . - travel An alarm trap.
Blork the orc screams, "I'll crush all your ribs!
One by one!"
Press: ? - help, v - describe, . - travel
Here: Blork the orc, wielding a hand axe of distortion and wearing a robe (lightly wounded, fast)
The floor.
Read which item? (? for menu, Esc to quit)
As you read the scroll of teleportation, it crumbles to dust.
You feel strangely unstable.
Blork the orc hits you with a hand axe of distortion.
You die...

##### #.#
#..##.....# #.#
#...#.....# #.#
#...#.....# #.#
#...#.....#.# #.#
#............ #.#
#....###+##.# ..#
#....## #.....#
+..@#.# #..o#.#
#.###...#.#####.#
........^........#
#########..####.#
.?......#.#
######.#.## #.#..#
#.##.##


You could see Blork the orc.

Vanquished Creatures
  Duvessa (D:6)
  A phantom (D:4)
  2 ogres
  A centaur (D:5)
  Dowan (D:5)
  3 scorpions
  An orc priest (D:4)
  2 giant frog skeletons
  2 orc wizards (D:4)
  3 worker ants
  A hound zombie (D:5)
  6 adders
  A worm (D:3)
  5 giant geckos
  3 oozes
  14 orcs
  14 bats
  2 bat skeletons
  5 giant cockroaches
  11 goblins
  16 hobgoblins
  A quokka (D:5)
  3 ball pythons
  A giant newt (D:3)
  5 jackals
  12 kobolds
  6 rats
123 creatures vanquished.

Vanquished Creatures (collateral kills)
  An ogre (D:4)
  A worm (D:2)
  A giant gecko (D:6)
  An orc (D:4)
  A bat (D:1)
  2 kobolds
  A giant newt (D:1)
  A rat (D:3)
9 creatures vanquished.

Vanquished Creatures (others)
  An elf skeleton (D:6)
  An adder skeleton (D:4)
  3 bat skeletons
  3 goblin skeletons
  2 hobgoblin skeletons
  3 kobold skeletons (D:4)
  7 orc skeletons
  2 rat skeletons (D:4)
22 creatures vanquished.

Grand Total: 154 creatures vanquished

Notes
Turn   | Place    | Note
--------------------------------------------------------------
     0 | D:1      | websanka, the Mummy Necromancer, began the quest for the Orb.
     0 | D:1      | Reached XP level 1. HP: 13/13 MP: 3/3
     2 | D:1      | Learned a level 1 spell: Animate Skeleton
   361 | D:1      | Reached skill level 1 in Fighting
   403 | D:1      | Reached XP level 2. HP: 15/21 MP: 0/5
  1139 | D:2      | Reached XP level 3. HP: 25/27 MP: 3/6
  1836 | D:2      | Learned a level 3 spell: Vampiric Draining
  1863 | D:2      | Reached XP level 4. HP: 34/34 MP: 3/7
  2742 | D:3      | Found a shadowy altar of Dithmenos.
  3538 | D:4      | Noticed an ogre
  3554 | D:4      | Killed an ogre
  3554 | D:4      | Reached XP level 5. HP: 28/41 MP: 2/8
  3972 | D:4      | Reached XP level 6. HP: 38/48 MP: 5/9
  4389 | D:4      | Noticed an ogre
  4399 | D:4      | Killed an ogre
  5027 | D:5      | Entered Level 5 of the Dungeon
  5092 | D:5      | Reached XP level 7. HP: 24/55 MP: 10/10
  5373 | D:4      | Reached skill level 5 in Fighting
  5471 | D:5      | Reached skill level 5 in Dodging
  5541 | D:5      | Found Wuareuv's Food Shop.
  5769 | D:5      | Found a sacrificial altar of Ru.
  5769 | D:5      | Found a glowing golden altar of the Shining One.
  6013 | D:6      | Noticed Dowan
  6020 | D:6      | Noticed Duvessa
  6037 | D:6      | Killed Duvessa
  6037 | D:6      | Reached skill level 6 in Fighting
  6230 | D:5      | Killed Dowan
  6344 | D:6      | Reached XP level 8. HP: 64/64 MP: 11/11
  6422 | D:6      | Noticed Blork the orc
  6428 | D:6      | Your ally Duvessa died
  6455 | D:6      | Slain by Blork the orc

Action                   |  1- 3 |  4- 6 |  7- 9 || total
-------------------------+-------+-------+-------++-------
Melee: Whip              |    18 |    37 |       ||    55
       Flail             |       |    84 |     3 ||    87
       Rapier            |       |    14 |       ||    14
       Long sword        |       |       |    96 ||    96
Throw: Stone             |     1 |       |       ||     1
       Tomahawk          |       |     4 |     4 ||     8
 Cast: Pain              |    55 |   130 |    27 ||   212
       Animate Skeleton  |    12 |    27 |    11 ||    50
       Vampiric Draining |       |     3 |     3 ||     6
  Use: Scroll            |     5 |     5 |     1 ||    11
 Stab: Sleeping          |       |     1 |       ||     1
       Distracted        |       |     1 |       ||     1
